Map: Lost and Found LE

Players

Kelazhur

  • Race: Terran Terran
  • League: Master
  • Spawn Location: 7:00

Cure - Winner!

  • Race: Terran Terran
  • Spawn Location: 1:00

Event: HomeStory Cup XVIII

VOD

Have the link to the VOD?

Description

Time

  • Played on: Nov. 24, 2018, 6:10 a.m.
  • Length: 10:40

All games in this series

Show
View Real Time Build Order
Export as new Build Order

Kelazhur Terran 

Build Orders:  

Get SALT Encoding   

  12  0:00  SCV  
  13  0:12  SCV  
  14  0:16  Supply Depot  
  14  0:24  SCV  
  14  0:27  Refinery  
  15  0:38  SCV  
  16  0:44  Barracks  
  16  0:50  SCV  
  16  0:54  Refinery  
  17  1:02  SCV  
  18  1:14  SCV  
  19  1:31  Orbital Command  
  19  1:32  Factory  
  19  1:33  Reaper  
  20  1:41  Supply Depot  
  20  1:56  SCV  
  21  2:05  Reaper  
  22  2:08  SCV  
  23  2:16  Hellion  
  23  2:21  SCV  
  25  2:33  SCV  
  22  2:43  Reaper, Hellion  
  24  2:45  SCV  
  24  2:50  Command Center  
  25  2:57  SCV  
  26  3:00  Starport  
  26  3:08  Factory Tech Lab  
  26  3:09  SCV  
  27  3:14  Supply Depot  
  27  3:21  Barracks Tech Lab, SCV  
  28  3:33  Cyclone  
  31  3:35  SCV  
  32  3:45  Raven  
  32  3:48  SCV  
  35  3:52  Supply Depot  
  35  3:54  Barracks Reactor  
  35  4:00  SCV  
  36  4:03  Orbital Command  
  35  4:15  SCV  
  34  4:18  Cyclone  
  36  4:32  Marine x2, SCV  
  37  4:39  Orbital Command  
  37  4:44  SCV  
  38  4:51  Siege Tank  
  43  4:53  Refinery  
  43  4:58  SCV  
  42  5:03  Marine  
  42  5:04  Viking x2  
  42  5:06  SCV  
  48  5:09  Supply Depot  
  48  5:10  SCV  
  48  5:12  Barracks  
  49  5:16  Barracks  
  49  5:18  SCV  
  50  5:22  SCV  
  50  5:24  Marine  
  50  5:27  Siege Tank  
  55  5:30  SCV  
  55  5:34  SCV  
  57  5:36  Liberator  
  57  5:42  SCV  
  58  5:45  Supply Depot  
  58  5:46  Viking, SCV  
  58  5:48  Marine  
  62  5:54  SCV  
  66  6:02  SCV  
  65  6:06  Marine  
  65  6:08  Siege Tank  
  65  6:09  SCV  
  70  6:16  SCV  
  70  6:18  Viking  
  73  6:23  Barracks Tech Lab, Refinery, Supply Depot  
  73  6:24  Marine x2  
  75  6:28  SCV x2  
  77  6:35  Stimpack, Marine  
  78  6:41  Supply Depot  
  78  6:45  Marine x2, SCV  
  81  6:49  SCV  
  81  6:53  Marine  
  80  6:57  Siege Tank  
  80  7:00  SCV  
  81  7:04  Marine  
  70  7:14  Engineering Bay x2  
  70  7:15  Barracks x2, SCV  
  68  7:17  Barracks Reactor, Starport Reactor  
  68  7:21  Marine  
  68  7:24  Marine  
  68  7:25  Marine  
  68  7:29  Siege Tank  
  73  7:39  Marine  
  73  7:42  Marine x2  
  76  7:46  SCV  
  76  7:47  SCV  
  78  7:54  Marine, Medivac x2  
  78  7:57  Marine  
  78  7:58  Command Center  
  84  8:00  Marine x2  
  84  8:03  Supply Depot x2  
  84  8:05  Terran Infantry Weapons Level 1  
  86  8:07  Barracks Reactor x2  
  86  8:09  Terran Infantry Armor Level 1  
  86  8:14  Marine x2  
  86  8:15  Marine  
  86  8:17  Siege Tank  
  86  8:18  Marine x2  
  94  8:24  Medivac  
  96  8:28  Medivac  
  96  8:32  Marine  
  97  8:36  Command Center  
  97  8:38  Marine  
  97  8:39  Marine x3  
  101  8:44  Marine  
  101  8:50  Marine  
  101  8:54  Medivac  
  96  8:56  Marine x2  
  96  8:57  Marine x3  
  96  8:58  Medivac  
  100  9:05  Siege Tank, Supply Depot  
  100  9:07  Marine, Combat Shield  
  104  9:14  Marine x2  
  104  9:15  Marine x2  
  109  9:18  Barracks Reactor x2  
  107  9:25  Marine, Supply Depot  
  107  9:27  Supply Depot  
  108  9:32  Marine x2  
  108  9:37  Marine x2  
  112  9:41  Armory  
  112  9:43  Marine  
  106  9:50  Marine x2  
  86  9:54  SCV x2  
  86  9:55  Marine x2  
  75  10:01  Marine x2  
  75  10:06  SCV x2  
  72  10:07  Marine  
  72  10:08  Marine  
  72  10:12  Marine  
  74  10:15  Marine  
  74  10:18  SCV  
Show
View Real Time Build Order
Export as new Build Order

Cure Terran - Winner!

Build Orders:  

Get SALT Encoding   

  12  0:00  SCV  
  13  0:13  Supply Depot  
  13  0:18  SCV  
  14  0:36  Barracks  
  14  0:39  Refinery  
  14  0:53  Barracks  
  14  0:58  SCV  
  15  1:10  SCV  
  16  1:23  Orbital Command, Reaper  
  17  1:30  Refinery  
  18  1:40  Reaper  
  18  1:49  SCV  
  19  1:57  Reaper  
  20  2:01  SCV  
  20  2:02  Supply Depot  
  21  2:12  Reaper  
  21  2:13  SCV  
  23  2:25  SCV  
  23  2:29  Reaper  
  25  2:37  Factory, SCV  
  24  2:47  Reaper  
  24  2:50  SCV  
  26  3:02  SCV, Supply Depot  
  27  3:14  SCV, Command Center  
  28  3:25  Factory Tech Lab  
  28  3:26  SCV  
  29  3:32  Starport  
  29  3:39  SCV  
  30  3:42  Supply Depot  
  30  3:46  Cyclone  
  33  3:51  SCV  
  34  4:07  SCV  
  35  4:10  Starport Tech Lab  
  32  4:19  SCV, Cyclone  
  35  4:26  Orbital Command  
  35  4:29  Raven  
  35  4:31  SCV  
  38  4:38  Refinery  
  38  4:43  Barracks Reactor, SCV  
  39  4:49  Command Center  
  39  4:51  SCV  
  40  4:55  SCV  
  40  4:56  Siege Tank  
  44  5:04  SCV  
  45  5:07  SCV  
  45  5:08  Refinery  
  46  5:16  SCV  
  46  5:19  SCV  
  46  5:21  Barracks x2  
  48  5:22  Starport Reactor  
  48  5:25  Marine  
  48  5:26  Stimpack  
  48  5:28  SCV  
  50  5:31  SCV  
  50  5:34  Siege Tank  
  54  5:40  SCV  
  54  5:41  Supply Depot  
  55  5:43  Marine, SCV  
  57  5:52  SCV  
  57  5:54  Engineering Bay  
  57  5:56  SCV  
  59  5:57  Engineering Bay  
  59  6:01  Marine  
  59  6:04  Orbital Command  
  57  6:05  SCV, Starport Reactor  
  57  6:08  SCV  
  59  6:11  Marine x2  
  59  6:16  Siege Tank  
  64  6:19  Marine, SCV  
  64  6:20  Marine, SCV  
  64  6:21  Marine  
  69  6:26  Terran Infantry Weapons Level 1  
  69  6:30  Terran Infantry Armor Level 1, Orbital Command  
  69  6:34  Marine x2  
  69  6:37  Marine  
  69  6:38  Marine  
  69  6:39  Marine  
  74  6:40  Missile Turret  
  74  6:42  Missile Turret  
  74  6:43  Missile Turret  
  74  6:45  Medivac  
  76  6:51  Medivac  
  78  6:54  Siege Tank  
  78  6:57  Orbital Command  
  73  7:02  Marine x5  
  71  7:09  SCV x2  
  71  7:14  Barracks  
  73  7:17  Barracks  
  73  7:19  Supply Depot  
  73  7:21  SCV  
  73  7:22  SCV x2  
  76  7:25  Marine x5  
  76  7:27  Combat Shield  
  81  7:33  Siege Tank  
  84  7:39  SCV  
  84  7:41  SCV x2  
  84  7:43  Supply Depot x2  
  87  7:47  Marine x5  
  93  7:51  SCV  
  93  7:56  Armory  
  93  8:02  Barracks Reactor  
  93  8:03  Barracks Reactor  
  93  8:04  Medivac x2  
  93  8:05  SCV x3  
  100  8:06  Supply Depot  
  100  8:08  Supply Depot  
  100  8:13  Refinery x2  
  100  8:17  SCV x3  
  103  8:20  Marine x2  
  103  8:21  Marine x3  
  108  8:27  Siege Tank  
  108  8:29  Supply Depot  
  108  8:31  Supply Depot  
  110  8:43  Marine x9  
  110  8:44  Missile Turret x2  
  113  8:57  Medivac  
  113  8:58  Medivac  
  113  9:00  Marine x2  
  113  9:01  Marine x3  
  113  9:02  SCV x3  
  113  9:06  Sensor Tower  
  113  9:22  Barracks Reactor, SCV x2  
  113  9:23  Marine x2  
  117  9:24  Marine x2  
  117  9:27  Viking  
  117  9:28  Viking  
  117  9:29  Marine  
  117  9:30  Marine x2  
  126  9:31  Marine  
  126  9:34  Siege Tank  
  130  9:41  Supply Depot  
  130  9:44  Factory  
  129  9:46  Marine x4  
  129  9:47  Marine x3  
  129  9:49  Marine  
  129  10:04  Marine x4  
  129  10:05  Marine x2  
  129  10:06  Siege Tank  
  132  10:29  Supply Depot  
  132  10:32  Supply Depot  
Tags
 
Add a new tag
Caveats
  • Supply blocks, unpowered buildings, or Contaminate may cause inaccurate times.
  • Supply counts are checked every 10 seconds.